 Dungeon Sprint DCSS version 0.30-a0-364-gf6b3ef1049 (webtiles) character file.

Game seed: 14208723284339669805

3320 mhtbhm the Protected (level 9, -2/90 HPs)
             Began as an Armataur Fighter on Nov 14, 2022.
             Was an Initiate of Gozag.
             Killed from afar by a catoblepas (3 damage)
             ... with a blast of calcifying dust
             ... while petrified by a catoblepas
             ... in the Dungeon (Sprint IX: "|||||||||||||||||||||||||||||").
             The game lasted 00:02:42 (1042 turns).

mhtbhm the Protected (Armataur Fighter)             Turns: 1042, Time: 00:02:44

Health: -2/90      AC: 10    Str: 25    XL:     9   Next: 71%
Magic:  9/9        EV:  1    Int: 12    God:    Gozag
Gold:   789        SH:  0    Dex: 13    Spells: 8/8 levels left

rFire   . . .      SeeInvis .    a - +0 flail
rCold   . . .      Faith    .    c - +0 buckler
rNeg    + + +      Spirit   .    b - +1 leather armour {rPois}
rPois   ∞          Reflect  .    n - +0 helmet
rElec   .          Harm     .    m - +0 cloak
rCorr   .          Roll     +    (no gloves)
Will    .....      NoTele   +    (no barding)
Stlth   ++........               (no amulet)
HPRegen 0.35/turn                o - +3 ring of dexterity
MPRegen 0.11/turn                p - +3 ring of intelligence

@: petrified, gold aura
A: large, rugged brown scales 3, deformed body, armoured tail, roll, long
tongue, awkward tongue
a: Renounce Religion, Potion Petition, Call Merchant, Bribe Branch


You were in the Dungeon.
You worshipped Gozag.
Gozag was pleased with you.
You visited 1 branch You collected 1540 gold pieces.
You spent 165 gold pieces at shops.
You paid 586 gold pieces to Gozag.

Inventory:

Hand Weapons
 a - a +0 flail (weapon)
Armour
 b - a +1 leather armour of poison resistance (worn)
 c - a +0 buckler (worn)
 m - a +0 cloak (worn)
 n - a +0 helmet (worn)
Jewellery
 o - a +3 ring of dexterity (left hand)
 p - a +3 ring of intelligence (right hand)
Scrolls
 f - 6 scrolls of enchant weapon
 g - 4 scrolls of enchant armour
 k - 2 scrolls of amnesia
Potions
 d - 4 potions of heal wounds
 e - 3 potions of brilliance
 h - 4 potions of magic
 i - a potion of invisibility


   Skills:
 + Level 10.1 Fighting
 + Level 11.5 Maces & Flails
 + Level 14.1 Armour
 + Level 4.3 Dodging
 + Level 1.9 Stealth
 + Level 10.1 Shields
 + Level 3.4 Evocations


You had 8 spell levels left.
You didn't know any spells.
Your spell library was empty.

Dungeon Overview and Level Annotations

Branches:
Dungeon (1/1)

Altars:
Cheibriados
Dithmenos
Elyvilon
Fedhas
Gozag
Hepliaklqana
Kikubaaqudgha
Makhleb
Nemelex Xobeh
Okawaru
Qazlal
Ru
Sif Muna
Trog
Uskayaw
Vehumet
Wu Jian
Xom
Yredelemnul
Zin
The Shining One
Jiyva
Lugonu

Shops:
D [


Innate Abilities, Weirdness & Mutations

You are completely covered in rugged brown scales. (AC +3, +7% HP)
Armour fits poorly on your strangely shaped body.
You have a long armoured tail.
You roll when moving toward enemies. (Rampage)
Your long tongue fully drains potion bottles. (2x potion effects)
Your tongue gives you trouble enunciating. (1.5x scroll delay)


Message History

You are slowing down.
The catoblepas breathes a plume of calcifying dust at you.
The blast of calcifying dust hits you!
Unknown command.
Unknown command.
Unknown command.
You are engulfed in calcifying dust.
The water moccasin is distracted by your dazzling golden aura.
The komodo dragon is distracted by your dazzling golden aura.
The polar bear is distracted by your dazzling golden aura.
The catoblepas breathes a plume of calcifying dust at you.
The blast of calcifying dust hits you!
Your limbs are stiffening.
Unknown command.
You roll towards the catoblepas!
The komodo dragon hisses angrily.
The water moccasin hisses angrily.
The polar bear growls angrily.
You hit the catoblepas.
The catoblepas is almost dead.
You are engulfed in calcifying dust.
The komodo dragon is no longer distracted by gold.
The water moccasin is no longer distracted by gold.
The polar bear is no longer distracted by gold.
The catoblepas gores you!
The catoblepas gores you but does no damage.
You have turned to stone.
You are engulfed in calcifying dust.
The catoblepas gores you.
You are engulfed in calcifying dust.
The catoblepas gores you!!
* * * LOW HITPOINT WARNING * * *
You are engulfed in calcifying dust.
The catoblepas gores you.
* * * LOW HITPOINT WARNING * * *
The komodo dragon is distracted by your dazzling golden aura.
The catoblepas gores you!
* * * LOW HITPOINT WARNING * * *
The catoblepas gores you!!
* * * LOW HITPOINT WARNING * * *
The komodo dragon is distracted by your dazzling golden aura.
The catoblepas breathes a plume of calcifying dust at you.
The blast of calcifying dust hits you!
You die...
Your body crumbles into a pile of gold. $$$$$$$$$$$$$ $$$$$$$$$$

▓▓▓▓▓▓▓▓▓▓▓▓▓▓▓▓▓▓▓▓▓▓▓▓
..'.....([...∩..@YlShllh
▓▓▓▓▓▓▓▓▓▓▓▓▓▓▓▓▓▓▓▓▓▓▓▓▓▓▓▓▓▓▓▓▓
.................................
▓▓▓▓▓▓▓▓▓▓▓▓▓▓▓▓▓▓▓▓▓▓▓▓▓▓▓▓▓▓▓▓▓
.....÷.....'_____________________
▓▓▓▓▓▓▓▓▓▓▓▓▓▓▓▓▓▓▓▓▓▓▓▓▓▓▓▓▓▓▓▓▓


You could see a catoblepas, a polar bear, 3 komodo dragons, a water moccasin and
a black bear.

Vanquished Creatures
  A tengu warrior (D)
  2 ugly things (D)
  A manticore (D)
  A komodo dragon (D)
  A troll (D)
  2 slime creatures (D)
  2 wyverns (D)
  A yak (D)
  A steam dragon (D)
  A centaur (D)
  A hound (D)
  A jelly (D)
  3 adders (D)
  An endoplasm (D)
  2 goblins (D)
  A jackal (D)
  A frilled lizard (D)
23 creatures vanquished.

Notes
Turn   | Place    | Note
-------+----------+-------------------------------------------
     0 | D        | mhtbhm the Armataur Fighter began the quest for the Orb.
     0 | D        | Reached XP level 1. HP: 19/19 MP: 1/1
    17 | D        | Reached skill level 4 in Armour
    31 | D        | Noticed a hound
    31 | D        | Noticed a jelly
    34 | D        | Reached XP level 2. HP: 28/28 MP: 2/2
    39 | D        | Reached skill level 5 in Armour
    39 | D        | Reached skill level 5 in Shields
    39 | D        | Reached XP level 3. HP: 35/35 MP: 3/3
    41 | D        | Reached skill level 6 in Armour
    41 | D        | Reached XP level 4. HP: 40/43 MP: 4/4
    46 | D        | Reached skill level 5 in Fighting
    52 | D        | Found a snail-covered altar of Cheibriados.
    52 | D        | Found a shadowy altar of Dithmenos.
    52 | D        | Found a white marble altar of Elyvilon.
    52 | D        | Found a blossoming altar of Fedhas.
    52 | D        | Found an opulent altar of Gozag.
    53 | D        | Found a hazy altar of Hepliaklqana.
    54 | D        | Found a viscous altar of Jiyva.
    55 | D        | Found an ancient bone altar of Kikubaaqudgha.
    56 | D        | Found a corrupted altar of Lugonu.
    57 | D        | Found a burning altar of Makhleb.
    58 | D        | Found a sparkling altar of Nemelex Xobeh.
    59 | D        | Found an iron altar of Okawaru.
    60 | D        | Became a worshipper of Gozag Ym Sagoz the Greedy
    61 | D        | Found a stormy altar of Qazlal.
    62 | D        | Found a sacrificial altar of Ru.
    63 | D        | Found a shimmering blue altar of Sif Muna.
    64 | D        | Found a bloodstained altar of Trog.
    65 | D        | Found a hide-covered altar of Uskayaw.
    66 | D        | Found a radiant altar of Vehumet.
    67 | D        | Found an ornate altar of the Wu Jian Council.
    68 | D        | Found a shimmering altar of Xom.
    69 | D        | Found a basalt altar of Yredelemnul.
    70 | D        | Found a glowing silver altar of Zin.
    71 | D        | Found a glowing golden altar of the Shining One.
   128 | D        | Noticed a wyvern
   128 | D        | Noticed a troll
   128 | D        | Noticed a centaur
   128 | D        | Noticed a wyvern
   128 | D        | Noticed a steam dragon
   128 | D        | Noticed a yak
   137 | D        | Killed a wyvern
   138 | D        | Reached skill level 8 in Armour
   138 | D        | Reached skill level 1 in Dodging
   138 | D        | Reached XP level 5. HP: 37/53 MP: 5/5
   144 | D        | Killed a centaur
   145 | D        | Reached skill level 5 in Maces & Flails
   145 | D        | Reached skill level 9 in Armour
   145 | D        | Reached XP level 6. HP: 45/62 MP: 6/6
   150 | D        | Killed a troll
   151 | D        | Reached skill level 10 in Armour
   151 | D        | Reached skill level 1 in Evocations
   151 | D        | Reached XP level 7. HP: 45/70 MP: 7/7
   158 | D        | Killed a wyvern
   159 | D        | Reached skill level 11 in Armour
   343 | D        | Killed a steam dragon
   350 | D        | Killed a yak
   351 | D        | Reached skill level 12 in Armour
   423 | D        | Noticed a purple ugly thing
   423 | D        | Noticed a slime creature
   423 | D        | Noticed a brown ugly thing
   423 | D        | Noticed a manticore
   423 | D        | Noticed a tengu warrior
   423 | D        | Noticed a slime creature
   431 | D        | Killed a purple ugly thing
   432 | D        | Reached XP level 8. HP: 57/80 MP: 8/8
   443 | D        | Killed a slime creature
   452 | D        | Killed a brown ugly thing
   453 | D        | Reached skill level 13 in Armour
   662 | D        | Killed a manticore
   663 | D        | Reached skill level 10 in Maces & Flails
   663 | D        | Reached XP level 9. HP: 11/88 MP: 9/9
   670 | D        | Killed a tengu warrior
   671 | D        | Reached skill level 1 in Stealth
   671 | D        | Reached skill level 10 in Shields
   870 | D        | Reached skill level 14 in Armour
  1013 | D        | Bought a +1 leather armour of poison resistance for 165
                  | gold pieces
  1022 | D        | Noticed a komodo dragon
  1022 | D        | Noticed a komodo dragon
  1022 | D        | Noticed a catoblepas
  1022 | D        | Noticed a polar bear
  1022 | D        | Noticed a komodo dragon
  1024 | D        | Noticed a komodo dragon
  1027 | D        | Killed a komodo dragon
  1028 | D        | Reached skill level 10 in Fighting
  1041 | D        | HP: 1/90 [catoblepas (13)]
  1042 | D        | Killed from afar by a catoblepas

Illustrated notes

Levels and vault maps discovered:
D:        linesprint [early_d, line_temple, items_1, d_10, items_2, lair_1,
          lair_end, items_3, orc_1, orc_end, items_4, d_15, swamp_1, shoals_1,
          snake_1, spider_1, d_20, vaults_1, items_5, swamp_end, shoals_end,
          snake_end, spider_end, vaults_end, d_27, items_6, zot_1, zot_end,
          crypt_end, forest_end, elf_end, slime_end, tomb_end, abyss_end,
          pan_hell_end]

Skill      XL: |  1  2  3  4  5  6  7  8  9 |
---------------+----------------------------+-----
Fighting       | 3 4 6 7 8 9 10 | 10.1
Armour         | 4 5 6 8 9 10 12 13 14 | 14.1
Shields        | 4 5 7 8 9 10 | 10.1
Maces & Flails | 2 3 4 5 6 8 10 11 | 11.5
Dodging        | 1 2 3 4 |  4.3
Evocations     | 1 2 3 |  3.4
Stealth        | 1 |  1.9

Action                   |  1- 3 |  4- 6 |  7- 9 || total
-------------------------+-------+-------+-------++-------
Melee: Flail             |    22 |    16 |    85 ||   123
       Tailslap          |     2 |     2 |    11 ||    15
Invok: Call Merchant     |       |       |     1 ||     1
Evoke: Wand              |       |     3 |     7 ||    10
  Use: Potion            |     1 |     2 |     8 ||    11
       Scroll            |       |       |     2 ||     2
Armor: Scale mail        |    10 |     9 |    43 ||    62
       Leather armour    |       |       |     1 ||     1
Dodge: Dodged            |     4 |     4 |    26 ||    34
Block: Buckler           |     4 |     7 |    19 ||    30

Table legend: (Time is in decaauts)
 A = Elapsed time spent in this place.
 B = Non-inter-level travel time spent in this place.
 C = Inter-level travel time spent in this place.
 D = Time resting spent in this place.
 E = Time spent auto-exploring this place.
 F = Levels seen in this place.
 G = Mean time per level.
                   A        B        C        D        E       F      G
               +--------+--------+--------+--------+--------+-----+--------+
         Total |   1039 |   1039 |      0 |    539 |     26 |   1 | 1039.0 |
       Dungeon |   1039 |   1039 |      0 |    539 |     26 |   1 | 1039.0 |
               +--------+--------+--------+--------+--------+-----+--------+

Top non-repeatable levels by time:
       D: 1039 daAuts
